 Dungeon Crawl Stone Soup version 0.18.1-48-g4cf74bf (webtiles) character file.

94 Jerry the Shooter (level 4, -24/33 HPs)
             Began as a Mummy Hunter on Aug 3, 2016.
             Annihilated by Crazy Yiuf
             ... wielding a +2 quarterstaff of chaos
              (25 damage)
             ... on level 2 of the Dungeon.
             The game lasted 00:06:03 (2488 turns).

Jerry the Shooter (Mummy Hunter)                    Turns: 2488, Time: 00:06:04

Health: -24/33     AC:  3    Str: 15    XL:     4   Next: 38%
Magic:  4/5        EV: 12    Int: 11    God:
Gold:   92         SH:  0    Dex: 12    Spells: 0 memorised, 4 levels left

rFire  x . .     SeeInvis .     b - +0 short sword
rCold  + . .     Gourm    .     c - +0 leather armour
rNeg   + + +     Faith    .     (no shield)
rPois  ∞         Spirit   .     (no helmet)
rElec  .         Dismiss  .     (no cloak)
rCorr  .         Reflect  .     (no gloves)
SustAt .         Harm     .     (no boots)
MR     .....                    (no amulet)
Stlth  ++........               (no ring)
                                (no ring)

@: not resistant to hostile enchantments, unstealthy
A: no food or potions, fire vulnerability, cold resistance 1, negative energy
resistance 3, torment resistance, unbreathing
a: no special abilities


You were on level 2 of the Dungeon.
You were not hungry.

You visited 1 branch of the dungeon, and saw 2 of its levels.

You collected 92 gold pieces.

Inventory:

Hand Weapons
 a - a +1 shortbow
 b - a +0 short sword (weapon)
Missiles
 d - 24 arrows
Armour
 c - a +0 leather armour (worn)
Jewellery
 h - a cursed ring of teleportation {unknown}
Scrolls
 e - a scroll of noise {unknown}
 f - a scroll of immolation {unknown}
 g - 3 scrolls of amnesia {unknown}
 i - a scroll of fear {unknown}
 j - a scroll of magic mapping {unknown}


   Skills:
 - Level 2.0 Fighting
 - Level 3.2 Bows
 + Level 3.0 Dodging
 - Level 2.3 Stealth
 + Level 0.8 Spellcasting


You had 4 spell levels left.
You didn't know any spells.

Dungeon Overview and Level Annotations

Branches:
Dungeon (2/15)

Altars:

Annotations:
D:2 Crazy Yiuf


Innate Abilities, Weirdness & Mutations

You do not eat or drink.
Your flesh is vulnerable to fire.
You are immune to poison.
Your flesh is cold resistant.
You are immune to negative energy.
You are immune to unholy pain and torment.
You can survive without breathing.


Message History

Crazy Yiuf is lightly wounded.
Crazy Yiuf hits you with a quarterstaff of chaos!
Your leather armour prevents you from hitting Crazy Yiuf.
Crazy Yiuf is lightly wounded.
Crazy Yiuf hits you with a quarterstaff of chaos.
You feel your power leaking away.
You barely miss Crazy Yiuf.
Crazy Yiuf is lightly wounded.
Crazy Yiuf hits you with a quarterstaff of chaos!
* * * LOW HITPOINT WARNING * * *
You hit Crazy Yiuf.
Crazy Yiuf is lightly wounded.
Crazy Yiuf hits you but does no damage.
You closely miss Crazy Yiuf.
Crazy Yiuf is lightly wounded.
Crazy Yiuf hits you with a quarterstaff of chaos.
* * * LOW HITPOINT WARNING * * *
Space warps horribly around you!
Ouch! That really hurt!
You die...

...†..# ##.......#
......# #........#
.....## #........#
.....## #........#
......#
##........##
......# #
#..........#
......# .#
##.#%.......#
.....##
..###...........##
.....# #.#
#.@..####.....#
####.#####..#
#.g..# #.....#####
###........#
#....# #..........
#.........##
#...## #..<.......
...####.#### ##(##
#..........
####.......## #.##
#..........
##.........# ##.#
#..........
#..........# #.#
#..........
#.......%<.# ##.
#..........


You could see Crazy Yiuf.

Vanquished Creatures
  Ijyb (D:2)
  4 adders (D:2)
  A worm (D:1)
  A giant gecko (D:2)
  5 bats
  2 giant cockroaches
  3 goblins
  3 hobgoblins
  4 jackals
  2 giant newts
  4 rats
30 creatures vanquished.

Notes
Turn   | Place    | Note
--------------------------------------------------------------
     0 | D:1      | Jerry the Mummy Hunter began the quest for the Orb.
     0 | D:1      | Reached XP level 1. HP: 16/16 MP: 1/1
    99 | D:1      | Reached skill level 1 in Stealth
   210 | D:1      | Reached XP level 2. HP: 22/22 MP: 2/2
   685 | D:2      | Reached XP level 3. HP: 11/27 MP: 3/3
  1730 | D:1      | Reached XP level 4. HP: 21/33 MP: 4/4
  1878 | D:2      | Noticed Ijyb
  2135 | D:2      | Killed Ijyb
  2468 | D:2      | Noticed Crazy Yiuf
  2488 | D:2      | HP: 1/33 [Crazy Yiuf/quarterstaff of chaos (4)]
  2488 | D:2      | Annihilated by Crazy Yiuf

Skill      XL: |  1  2  3  4 |
---------------+-------------+-----
Stealth        | 1 2 |  2.3
Dodging        | 2 3 |  3.0
Fighting       | |  2.0
Bows           | |  3.2
Spellcasting   | |  0.8

Action                   |  1- 3 |  4- 6 || total
-------------------------+-------+-------++-------
Melee: Short sword       |    79 |    65 ||   144
 Fire: Shortbow          |    44 |    17 ||    61
Armor: Leather armour    |    27 |    15 ||    42
Dodge: Dodged            |    69 |    56 ||   125
